 Dungeon Crawl Stone Soup version 0.30-a0-218-gedb9141078 (webtiles) character file.

Game seed: 17980702193112817273

4923 Essalna the Protected (level 10, -4/144 HPs)
             Began as an Armataur Berserker on Oct 5, 2022.
             Was an Elder of Trog.
             Slain by an orc warrior
             ... wielding a +0 trident
              (8 damage)
             ... in a bailey.
             The game lasted 00:18:06 (8200 turns).

Essalna the Protected (Armataur Berserker)          Turns: 8200, Time: 00:18:07

Health: -4/144     AC: 11    Str: 27    XL:     10   Next: 27%
Magic:  10/10      EV:  8    Int:  7    God:    Trog [****..]
Gold:   369        SH:  6    Dex: 16    Spells: 9/9 levels left

rFire   . . .      SeeInvis .    C - +0 morningstar
rCold   . . .      Faith    .    n - +1 buckler
rNeg    . . .      Spirit   .    l - +0 scale mail
rPois   .          Reflect  .    r - +2 helmet
rElec   .          Harm     .    o - scarf {repulsion}
rCorr   +          Roll     +    (no gloves)
Will    .....                    (no barding)
Stlth   ..........               (no amulet)
HPRegen 0.44/turn                q - +6 ring of dexterity
MPRegen 0.12/turn                v - ring of resist corrosion

@: berserking, repel missiles, very quick
A: large, rugged brown scales 3, deformed body, armoured tail, roll, long
tongue, awkward tongue
a: Renounce Religion, Berserk, Trog's Hand, Brothers in Arms


You were in a bailey.
You worshipped Trog.
Trog was greatly pleased with you.
You visited 1 branch of the dungeon, and saw 8 of its levels.
You also visited: Bailey.

You collected 369 gold pieces.

Inventory:

Hand Weapons
 a - a +0 mace
 B - a +0 dire flail
 C - a +0 morningstar (weapon)
 F - a +3 hammer
Armour
 b - a +0 animal skin
 l - a +0 scale mail (worn)
 n - a +1 buckler (worn)
 o - a scarf of repulsion (worn)
 r - a +2 helmet (worn)
Jewellery
 q - a +6 ring of dexterity (left hand)
 v - a ring of resist corrosion (right hand)
Wands
 t - a wand of flame (12) (quivered)
 y - a wand of roots (14)
Scrolls
 f - 9 scrolls of identify
 g - 2 scrolls of teleportation
 i - a scroll of vulnerability
Potions
 c - 3 potions of attraction
 d - a potion of invisibility
 h - 3 potions of curing
 j - 2 potions of lignification {unknown}
 k - 3 potions of degeneration {unknown}
 m - a potion of haste
 s - a potion of cancellation {unknown}
 u - a potion of resistance {unknown}
 x - a potion of brilliance {unknown}
 z - a potion of magic {unknown}
 A - 4 potions of mutation {unknown}
 D - a potion of ambrosia {unknown}
 G - a potion of flight {unknown}


   Skills:
 + Level 8.8 Fighting
 + Level 8.8 Maces & Flails
 - Level 9.0 Armour
 - Level 1.3 Dodging
 - Level 4.0 Shields


You had 9 spell levels left.
You didn't know any spells.
Your spell library was empty.

Dungeon Overview and Level Annotations

Branches:
Dungeon (8/15)             Temple (0/1) D:4          Bailey (1/1)
   Lair: D:8-11

Altars:
Fedhas
Qazlal
Ru
Vehumet

Shops:
D:2 ?([(   D:3 :


Innate Abilities, Weirdness & Mutations

You are completely covered in rugged brown scales. (AC +3, +7% HP)
Armour fits poorly on your strangely shaped body.
You have a long armoured tail.
You roll when moving toward enemies. (Rampage)
Your long tongue fully drains potion bottles. (2x potion effects)
Your tongue gives you trouble enunciating. (1.5x scroll delay)


Message History

* * * LOW HITPOINT WARNING * * *
The orc hits you but does no damage.
You barely miss the orc warrior.
The orc warrior is severely wounded.
The orc warrior hits you with a +0 glaive!
* * * LOW HITPOINT WARNING * * *
The orc hits you but does no damage. You block the orc warrior's attack. x2
You sock the orc warrior!
You kill the orc warrior!
Trog accepts your kill. The orc warrior completely misses you.
The orc barely misses you. You block the orc warrior's attack.
Things that are here:
a +0 glaive; a +0 plate armour; an orc corpse You completely miss the orc warrior.
The orc warrior barely misses you. You block the orc's attack.
The orc warrior hits you from afar with a +0 trident.
* * * LOW HITPOINT WARNING * * *
You puncture the orc warrior!
The orc warrior is severely wounded.
The orc warrior hits you with a +0 trident.
* * * LOW HITPOINT WARNING * * *
The orc warrior barely misses you. The orc closely misses you.
You puncture the orc warrior!
The orc warrior is almost dead.
You puncture the orc warrior!
You kill the orc warrior!
Trog accepts your kill. You block the orc's attack.
The orc warrior hits you from afar with a +0 trident.
* * * LOW HITPOINT WARNING * * *
The orc hits you with a +0 trident.
* * * LOW HITPOINT WARNING * * *
Things that are here:
a +0 trident; a +0 plate armour You hit the orc.
You tail-slap the orc.
You kill the orc!
Trog accepts your kill.
The orc warrior hits you from afar with a +0 trident!
You die...

≈.≈.≈≈...≈≈.≈.≈.#).≈#
≈.≈≈.≈...≈)≈≈.≈.#..≈#
≈≈.≈.≈≈≈≈≈)≈.≈≈.#..≈#
.≈.≈≈.....≈≈.≈.##..≈#
.≈≈.≈≈≈.≈≈≈)≈≈.#⌠..≈#
..≈≈..≈.≈))≈≈..#.))≈#
.⌠.≈≈≈...≈≈≈.⌠.#o..≈#
#....≈≈≈≈≈....##)..≈#
#####.....#####)@..≈#
#######⌠.......##
.........##
........## #########


You could see an orc warrior.

Vanquished Creatures
  Maggie (D:6)
  The ghost of Burgietje the Digger, a novice GrEE of Vehumet (D:5)
  Sigmund (D:5)
  4 yaks (D:8)
  A wraith (D:7)
  Menkaure (D:6)
  Edmund (D:6)
  2 water moccasins (D:5)
  A sky beast (D:7)
  A black bear (D:6)
  7 orc warriors
  An ice beast (D:6)
  2 ogres
  A centaur (Bailey)
  2 phantoms (D:5)
  Blork the orc (D:6)
  A necrophage (D:5)
  3 bullfrogs
  5 scorpions
  8 wights (D:6)
  A gnoll bouda (D:7)
  2 hounds
  4 orc priests
  4 iguanas
  Crazy Yiuf (D:6)
  7 orc wizards
  6 adders
  7 gnolls
  3 white imps
  An ufetubus (D:7)
  2 worms (D:2)
  4 dart slugs
  22 orcs
  7 ball pythons
  3 endoplasms (D:1)
  6 giant cockroaches
  9 goblins
  10 hobgoblins
  A quokka (D:4)
  7 bats
  6 kobolds
  2 rats (D:1)
160 creatures vanquished.

Vanquished Creatures (collateral kills)
  An endoplasm (D:3)
1 creature vanquished.

Vanquished Creatures (others)
  An orc (Bailey)
  22 fungi (D:6)
23 creatures vanquished.

Grand Total: 184 creatures vanquished

Notes
Turn   | Place    | Note
-------+----------+-------------------------------------------
     0 | D:1      | Essalna the Armataur Berserker began the quest for the Orb.
     0 | D:1      | Reached XP level 1. HP: 19/19 MP: 1/1
   125 | D:1      | Found a faded altar of an unknown god.
   129 | D:1      | Reached XP level 2. HP: 26/26 MP: 2/2
   296 | D:1      | Reached skill level 3 in Armour
   634 | D:2      | Reached XP level 3. HP: 24/33 MP: 3/3
   662 | D:2      | Reached ** piety under Trog
   900 | D:2      | You fall into a shaft and drop 1 floor!
   958 | D:2      | Found Teqac's Weapon Emporium.
   983 | D:2      | Found Ecsueg's Armour Boutique.
  1234 | D:2      | Found Iwessysi's Antique Weapon Shoppe.
  1267 | D:2      | Found Niagg's Magic Scroll Shoppe.
  1278 | D:2      | Reached XP level 4. HP: 13/40 MP: 4/4
  1609 | D:3      | Reached skill level 1 in Shields
  1980 | D:3      | Found Bagaov's Book Boutique.
  2004 | D:3      | Reached skill level 4 in Armour
  2295 | D:4      | Found a staircase to the Ecumenical Temple.
  2297 | D:4      | Noticed a scorpion
  2312 | D:4      | Killed a scorpion
  2313 | D:4      | Reached XP level 5. HP: 22/49 MP: 5/5
  2485 | D:4      | Identified the +10 dagger of Propriety {drain, rC+ Str+3
                  | Int+3 Stlth+}
  2904 | D:5      | Entered Level 5 of the Dungeon
  3053 | D:5      | Found a runed translucent door.
  3057 | D:5      | Noticed Burgietje's ghost (novice GrEE)
  3066 | D:5      | Killed Burgietje's ghost
  3067 | D:5      | Reached skill level 5 in Armour
  3067 | D:5      | Reached XP level 6. HP: 55/55 MP: 6/6
  3086 | D:5      | Noticed a water moccasin
  3092 | D:5      | Noticed an orc warrior
  3255 | D:5      | Noticed a water moccasin
  3275 | D:5      | Killed a water moccasin
  3276 | D:5      | Reached XP level 7. HP: 17/64 MP: 7/7
  4011 | D:5      | Reached skill level 5 in Fighting
  4011 | D:5      | Reached skill level 5 in Maces & Flails
  4011 | D:5      | Reached skill level 6 in Armour
  4091 | D:5      | Reached XP level 8. HP: 61/72 MP: 8/8
  4152 | D:5      | Noticed Sigmund
  4203 | D:5      | Killed Sigmund
  4334 | D:5      | Reached skill level 7 in Armour
  4506 | D:6      | Noticed Blork the orc
  4518 | D:6      | Killed Blork the orc
  5135 | D:6      | Noticed Maggie
  5152 | D:6      | Killed Maggie
  5153 | D:6      | Reached skill level 8 in Armour
  5153 | D:6      | Reached XP level 9. HP: 42/83 MP: 9/9
  5181 | D:6      | Found a radiant altar of Vehumet.
  5447 | D:6      | Reached *** piety under Trog
  5772 | D:6      | Noticed Edmund
  5808 | D:6      | Killed Edmund
  6021 | D:6      | Found a blossoming altar of Fedhas.
  6220 | D:6      | Reached skill level 9 in Armour
  6234 | D:6      | Found a runed translucent door.
  6235 | D:6      | Noticed Crazy Yiuf
  6240 | D:6      | Killed Crazy Yiuf
  6328 | D:6      | Noticed Menkaure
  6338 | D:6      | Killed Menkaure
  7274 | D:7      | Found a stormy altar of Qazlal.
  7274 | D:7      | Found a sacrificial altar of Ru.
  7664 | D:8      | Reached XP level 10. HP: 16/94 MP: 10/10
  7906 | D:8      | Found a flagged portal.
  7916 | Bailey   | Entered a bailey
  7954 | Bailey   | Reached **** piety under Trog
  7960 | Bailey   | HP: 3/96 [orc/+0 trident (3)]
  8199 | Bailey   | HP: 4/144 [orc/+0 trident (6)]
  8200 | Bailey   | Slain by an orc warrior

Illustrated notes

Levels and vault maps discovered:
D:1:      matt_arrival_spirals, layout_rooms, hellmonk_ecumenical_altar_run_dry
D:2:      layout_basic, serial_shops, shop, shop, nicolae_shop_statue_plus, shop
D:3:      layout_loops_ring, serial_shops, shop_statue
D:4:      layout_rooms, minmay_temple_entry_butterflies
D:5:      layout_basic, ebering_ghost_reflecting_pool, uniq_sigmund
D:6:      layout_basic, mainiacjoe_overflow_cross_hatched, fedhas_altar_4,
          kennysheep_minor_cross, grunt_decor_cap, uniq_menkaure, uniq_edmund,
          uniq_blork_the_orc, uniq_maggie, uniq_crazy_yiuf_cottage
D:7:      layout_gridville, gammafunk_temple_overflow_statue
D:8:      cheibrodos_two_vegetables, layout_basic, david_lair_generic,
          enter_bailey_3
Bailey:   bailey_polearm_flooded_kennysheep, bailey

Skill      XL: |  1  2  3  4  5  6  7  8  9 |
---------------+----------------------------+-----
Maces & Flails | 3 4 5 6 8 |  8.8
Armour         | 3 4 5 6 8 9 |  9.0
Fighting       | 3 4 5 6 8 |  8.8
Shields        | 1 3 4 |  4.0
Dodging        | |  1.3

Action                   |  1- 3 |  4- 6 |  7- 9 | 10-12 || total
-------------------------+-------+-------+-------+-------++-------
Melee: Mace              |    88 |   114 |   129 |       ||   331
       Tailslap          |    11 |    11 |    53 |    10 ||    85
       Dire flail        |       |       |    44 |       ||    44
       Morningstar       |       |       |   117 |    99 ||   216
Invok: Berserk           |       |     1 |     5 |     1 ||     7
  Use: Scroll            |       |     7 |     6 |     2 ||    15
       Potion            |       |     2 |     1 |     2 ||     5
 Stab: Sleeping          |     1 |       |       |       ||     1
Armor: Animal skin       |    27 |       |       |       ||    27
       Scale mail        |    16 |    76 |   131 |    55 ||   278
Dodge: Dodged            |    42 |    43 |    95 |    47 ||   227
       Repelled          |       |     1 |     3 |       ||     4
Block: Buckler           |     5 |    24 |    70 |    26 ||   125

Table legend: (Time is in decaauts)
 A = Elapsed time spent in this place.
 B = Non-inter-level travel time spent in this place.
 C = Inter-level travel time spent in this place.
 D = Time resting spent in this place.
 E = Time spent auto-exploring this place.
 F = Levels seen in this place.
 G = Mean time per level.
                   A        B        C        D        E       F      G
               +--------+--------+--------+--------+--------+-----+--------+
         Total |   8354 |   8098 |    256 |    117 |   6411 |   9 |  928.2 |
       Dungeon |   8074 |   7818 |    256 |    117 |   6274 |   8 | 1009.2 |
        Bailey |    280 |    280 |      0 |      0 |    137 |   1 |  280.0 |
               +--------+--------+--------+--------+--------+-----+--------+

Top non-repeatable levels by time:
     D:6: 2439 daAuts
     D:5: 1607 daAuts
     D:2: 906 daAuts
     D:3: 882 daAuts
     D:7: 765 daAuts
     D:1: 595 daAuts
     D:4: 565 daAuts
     D:8: 311 daAuts
  Bailey: 280 daAuts
